Map: 死亡光环-天梯版

Players

Soularium

  • Race: Terran Terran

wanted - Winner!

  • Race: Zerg Zerg

Event: DreamHack SC2 Masters 2020 Winter

VOD

Have the link to the VOD?

Description

Time

  • Played on: Oct. 18, 2020, 10:03 a.m.
  • Length: 20:34

All games in this series

Show
View Real Time Build Order
Export as new Build Order

Soularium Terran 

Build Orders: Hellion Opening, Reaper Expand 

Get SALT Encoding   

  12  0:00  SCV  
  13  0:12  SCV  
  14  0:17  Supply Depot  
  14  0:24  SCV  
  15  0:39  SCV  
  15  0:41  Barracks  
  16  0:43  Refinery  
  16  0:51  SCV  
  17  1:03  SCV  
  18  1:15  SCV  
  19  1:28  Orbital Command, Reaper  
  20  1:38  Command Center  
  20  1:46  Supply Depot  
  20  1:54  SCV  
  21  2:00  Marine  
  22  2:05  Factory  
  22  2:08  SCV  
  23  2:14  Refinery  
  23  2:20  SCV  
  23  2:21  Barracks Reactor  
  24  2:32  SCV  
  25  2:44  SCV  
  26  2:52  Orbital Command  
  26  2:54  Starport  
  26  2:56  SCV  
  27  3:04  Marine, Hellion x2  
  32  3:08  SCV  
  32  3:12  Supply Depot  
  33  3:19  SCV  
  34  3:21  SCV  
  35  3:30  Fusion Core  
  35  3:31  SCV  
  35  3:32  Hellion  
  35  3:33  Hellion  
  40  3:38  SCV, Supply Depot  
  40  3:40  Starport Tech Lab  
  41  3:43  Barracks Tech Lab  
  41  3:45  SCV  
  42  3:50  SCV  
  42  3:54  Hellion x2  
  47  4:02  Marine  
  48  4:06  SCV x2  
  49  4:15  Hellion x2  
  49  4:20  Marine  
  44  4:31  SCV x2  
  40  4:37  Marine  
  41  4:43  SCV  
  36  4:47  Battlecruiser  
  41  4:53  Hellion  
  41  4:54  Hellion  
  41  4:55  SCV  
  46  5:00  Supply Depot  
  46  5:02  Orbital Command  
  46  5:11  Supply Depot  
  46  5:21  SCV  
  46  5:22  Hellion x2  
  46  5:27  SCV  
  52  5:33  SCV  
  53  5:39  SCV  
  52  5:45  SCV  
  52  5:49  Hellion x2  
  50  5:51  SCV  
  50  5:55  Command Center  
  50  5:58  SCV  
  50  6:04  SCV  
  52  6:05  Battlecruiser  
  52  6:10  SCV  
  59  6:15  Refinery x2  
  59  6:16  SCV  
  60  6:24  SCV  
  61  6:26  Supply Depot  
  61  6:27  Supply Depot  
  61  6:28  Supply Depot  
  61  6:29  SCV  
  62  6:43  Supply Depot x2  
  62  6:44  Weapon Refit  
  62  6:48  SCV x2  
  62  6:49  Supply Depot  
  64  7:00  SCV x2  
  66  7:02  Armory, Hellion  
  66  7:04  Hellion  
  71  7:09  Orbital Command  
  71  7:12  SCV  
  71  7:20  SCV  
  72  7:23  Factory  
  72  7:25  SCV  
  72  7:28  Hellion x2  
  72  7:29  Marine, Orbital Command  
  78  7:32  SCV  
  79  7:38  SCV  
  80  7:47  Factory  
  80  7:50  SCV x2  
  82  7:55  SCV, Refinery  
  83  7:58  Refinery  
  83  8:01  Hellion x2  
  83  8:02  SCV x2, Terran Vehicle Weapons Level 1  
  83  8:04  Armory  
  89  8:07  SCV  
  89  8:10  Drilling Claws  
  90  8:14  SCV x2  
  90  8:16  Supply Depot  
  90  8:19  SCV  
  93  8:26  SCV x2  
  95  8:28  Cyclone, Hellion x2  
  95  8:31  SCV  
  95  8:38  SCV x2  
  97  8:43  SCV  
  97  8:45  Command Center  
  98  8:50  SCV, Hellion x2  
  98  8:51  SCV  
  104  8:57  SCV  
  104  9:00  Siege Tank  
  104  9:02  Factory Tech Lab  
  108  9:03  Battlecruiser  
  108  9:05  Terran Vehicle And Ship Armor Level 1  
  108  9:07  SCV x2  
  116  9:14  SCV  
  116  9:15  Engineering Bay  
  117  9:18  Hellion x2  
  117  9:19  SCV  
  117  9:22  SCV  
  123  9:25  Cyclone  
  123  9:26  SCV  
  127  9:31  SCV  
  127  9:34  SCV  
  127  9:36  Cyclone  
  127  9:37  Infernal Pre-Igniter  
  132  9:38  SCV  
  132  9:42  Factory, Supply Depot  
  132  9:43  Factory  
  132  9:44  Missile Turret  
  133  9:51  SCV  
  133  9:52  SCV, Supply Depot  
  135  9:57  SCV  
  136  10:00  Refinery x2  
  136  10:02  Cyclone  
  136  10:06  Hellion  
  135  10:07  Hellion  
  135  10:08  Cyclone  
  135  10:12  Mag-Field Accelerator  
  140  10:22  SCV  
  140  10:24  SCV  
  140  10:27  Factory Tech Lab  
  142  10:30  SCV  
  142  10:31  Command Center  
  142  10:34  Hellion x2  
  147  10:36  Siege Tank  
  147  10:38  Siege Tank  
  147  10:39  Planetary Fortress  
  147  10:42  Missile Turret  
  153  10:44  Missile Turret  
  153  10:48  SCV x2  
  155  10:51  Missile Turret  
  155  10:54  Hellion  
  157  10:57  Siege Tank, Hellion  
  154  11:06  Hellion  
  154  11:08  Siege Tank, SCV x2  
  153  11:12  Hellion  
  153  11:15  Siege Tank  
  158  11:25  Terran Vehicle Weapons Level 2  
  158  11:28  SCV  
  158  11:29  Siege Tank, Command Center  
  158  11:31  Hellion x2  
  166  11:34  Siege Tank  
  169  11:42  SCV  
  169  11:44  Orbital Command  
  169  11:47  Siege Tank  
  173  11:48  Siege Tank  
  173  11:49  SCV  
  173  11:52  Hellion x2  
  173  11:53  SCV, Missile Turret  
  184  12:01  Hellion  
  184  12:05  Refinery  
  184  12:06  SCV, Refinery  
  184  12:07  Hellion  
  183  12:14  Orbital Command, Hellion x2  
  179  12:19  Siege Tank, SCV  
  179  12:20  Starport Tech Lab, Hellion  
  179  12:22  Siege Tank, Command Center, Terran Vehicle And Ship Armor Level 2  
  186  12:27  SCV  
  187  12:40  Hellion x2  
  187  12:42  Hellion  
  185  12:45  Command Center  
  185  12:46  SCV, Command Center  
  185  12:50  Thor  
  185  12:51  Siege Tank  
  193  12:55  SCV  
  194  13:01  SCV, Orbital Command  
  194  13:02  Hellion  
  187  13:29  Supply Depot  
  187  13:33  Factory  
  199  13:34  Factory, SCV, Siege Tank, Hellion x4  
  199  13:35  Missile Turret  
  199  13:36  Missile Turret  
  199  13:40  Hellion  
  199  13:42  SCV  
  200  13:55  Hellion x2  
  188  13:58  Orbital Command  
  188  14:00  Hellion x2  
  188  14:02  Siege Tank x2  
  189  14:04  Hellion  
  189  14:06  Siege Tank  
  189  14:09  Orbital Command  
  194  14:19  Terran Vehicle Weapons Level 3  
  194  14:21  Factory Tech Lab, Factory Reactor  
  194  14:22  Factory  
  194  14:24  Refinery  
  194  14:25  Refinery, Hellion x2  
  194  14:30  Command Center, Hellion  
  198  14:31  Command Center  
  198  14:33  SCV  
  198  14:37  Hellion  
  199  14:39  Orbital Command  
  199  14:40  Orbital Command  
  199  14:45  Engineering Bay  
  195  14:48  Cyclone  
  195  14:51  Hellion  
  195  14:52  Hellion  
  194  14:53  Cyclone x2  
  184  15:05  Cyclone  
  184  15:06  Cyclone  
  171  15:07  Hellion x3  
  171  15:13  Hellion  
  175  15:15  Command Center  
  175  15:19  Sensor Tower  
  175  15:20  Cyclone, Missile Turret  
  175  15:21  SCV  
  179  15:22  Missile Turret x2  
  179  15:25  Siege Tank, SCV  
  183  15:30  Planetary Fortress  
  183  15:31  SCV  
  183  15:34  Siege Tank, Hellion x2  
  187  15:38  Factory Tech Lab  
  187  15:43  Orbital Command  
  187  15:47  Supply Depot  
  185  15:50  Siege Tank, Hellion  
  185  15:52  Siege Tank  
  170  15:59  Hellion  
  170  16:03  Hellion x2  
  170  16:04  Siege Tank  
  144  16:06  SCV  
  144  16:10  SCV  
  138  16:15  Siege Tank  
  141  16:20  Orbital Command  
  141  16:21  Siege Tank  
  141  16:22  Hellion x2  
  141  16:23  Siege Tank  
  149  16:27  Hellion x4  
  149  16:29  Hellion  
  149  16:30  Widow Mine x2  
  150  16:41  SCV x2  
  150  16:42  SCV  
  150  16:43  Hellion  
  150  16:46  Siege Tank, Hellion  
  160  16:52  Siege Tank  
  160  16:53  SCV  
  164  16:57  Siege Tank, Hellion  
  166  17:03  SCV x2  
  168  17:11  Siege Tank, Hellion  
  168  17:13  SCV  
  174  17:18  Hellion  
  143  17:25  Siege Tank x2, Orbital Command, Hellion x2  
  143  17:26  Hellion  
  143  17:29  Siege Tank  
  121  17:30  Refinery  
  121  17:32  SCV  
  121  17:33  Refinery  
  116  17:38  SCV  
  116  17:41  SCV  
  117  17:45  SCV  
  117  17:46  SCV  
  117  17:47  Hellion  
  118  17:52  SCV  
  118  17:54  Hellion  
  127  18:02  SCV  
  127  18:05  Missile Turret  
  134  18:08  Missile Turret, Cyclone x3  
  134  18:09  Cyclone x2  
  137  18:14  Cyclone  
  137  18:18  SCV, Command Center  
  138  18:37  SCV x2  
  138  18:40  Cyclone x2  
  138  18:41  Hellion x2  
  142  18:44  SCV  
  142  18:46  Cyclone x2  
  142  18:47  Orbital Command  
  149  18:49  Cyclone  
  149  18:50  Cyclone  
  154  18:57  Sensor Tower  
  154  18:59  SCV, Orbital Command  
  154  19:01  Widow Mine  
  154  19:02  Widow Mine, SCV  
  160  19:03  Hellion  
  162  19:12  Cyclone  
  162  19:16  Cyclone  
  136  19:17  Hellion  
  117  19:31  Thor  
  94  19:42  Thor  
  92  19:48  Hellion  
  92  19:49  Planetary Fortress  
  92  19:52  SCV  
  92  19:56  SCV  
  92  19:59  Hellion x2  
  97  20:02  SCV  
  97  20:09  SCV  
  100  20:14  SCV  
  100  20:16  Starport Reactor  
Show
View Real Time Build Order
Export as new Build Order

wanted Zerg - Winner!

Build Orders: Hatch First 

Get SALT Encoding   

  12  0:00  Drone  
  13  0:07  Drone  
  14  0:16  Overlord  
  14  0:22  Extractor  
  14  0:26  Drone  
  15  0:36  Drone  
  16  0:48  Hatchery  
  15  0:53  Drone  
  15  0:55  Drone  
  17  0:59  Drone  
  18  1:11  Extractor  
  17  1:14  Spawning Pool  
  17  1:17  Drone  
  17  1:20  Drone  
  18  1:27  Drone  
  19  1:37  Drone  
  20  1:49  Hatchery  
  20  1:51  Drone  
  20  2:00  Queen  
  22  2:04  Zergling x2  
  22  2:06  Zergling x2  
  24  2:11  Zergling x2  
  25  2:18  Queen  
  27  2:24  Overlord  
  27  2:26  Drone  
  28  2:33  Metabolic Boost  
  28  2:47  Drone x5  
  33  2:53  Queen  
  33  2:57  Drone  
  36  3:07  Overlord  
  36  3:10  Zergling x6  
  39  3:14  Zergling x2  
  40  3:21  Zergling x4  
  40  3:25  Queen, Overlord  
  44  3:27  Zergling x2  
  45  3:34  Zergling x8  
  45  3:37  Zergling x2  
  50  3:45  Zergling x6  
  50  3:48  Overlord  
  53  3:53  Zergling x2  
  54  4:00  Zergling x4  
  53  4:04  Zergling x10  
  53  4:06  Zergling x2  
  53  4:07  Zergling x2  
  57  4:11  Zergling x2  
  55  4:20  Zergling x2  
  55  4:23  Zergling x2  
  54  4:25  Zergling x2  
  50  4:32  Zergling x6  
  50  4:35  Queen  
  50  4:37  Zergling x2  
  50  4:38  Zergling x2  
  55  4:45  Zergling x2  
  55  4:50  Drone x2  
  56  4:56  Queen x2  
  56  4:57  Evolution Chamber  
  56  4:58  Evolution Chamber, Drone x2  
  60  5:00  Drone  
  61  5:12  Drone x4  
  65  5:23  Spore Crawler x2  
  65  5:25  Spore Crawler  
  62  5:31  Overlord x3  
  58  5:47  Drone x6  
  58  5:49  Drone x5  
  56  5:53  Drone x2  
  58  5:58  Drone x3  
  58  6:03  Drone x2  
  63  6:08  Drone x3  
  63  6:10  Zergling x2  
  63  6:16  Lair  
  63  6:21  Drone x5  
  68  6:26  Zergling x8  
  68  6:29  Zergling x4  
  74  6:35  Overlord x2  
  74  6:39  Drone x4  
  78  6:42  Extractor  
  78  6:43  Extractor  
  76  6:47  Drone x3  
  76  6:53  Zerg Ground Armor Level 1  
  76  6:54  Zerg Melee Weapons Level 1  
  77  6:58  Drone x7  
  83  7:03  Overlord  
  83  7:15  Drone x4, Spore Crawler, Extractor  
  86  7:17  Extractor  
  86  7:19  Baneling Nest, Hatchery  
  86  7:20  Extractor  
  81  7:24  Overlord  
  81  7:25  Zergling x8  
  85  7:34  Overlord x2  
  85  7:35  Drone  
  86  7:41  Queen x2  
  90  7:45  Drone x2, Spire  
  90  7:49  Drone x4  
  94  7:59  Zergling x12  
  98  8:15  Zergling x12  
  104  8:25  Centrifical Hooks  
  104  8:26  Roach Warren  
  102  8:30  Zergling x12  
  94  8:35  Overlord  
  94  8:36  Drone x8  
  94  8:37  Queen  
  98  8:47  Drone x2  
  92  9:00  Corruptor x8  
  107  9:03  Baneling x4  
  107  9:04  Baneling  
  107  9:06  Zerg Missile Weapons Level 1  
  106  9:11  Drone x5  
  111  9:24  Drone x7  
  116  9:25  Glial Reconstitution  
  116  9:29  Infestation Pit  
  113  9:32  Overlord  
  113  9:33  Roach x3  
  113  9:34  Extractor x2  
  115  9:43  Overseer  
  115  9:51  Overlord x4  
  115  9:55  Spore Crawler  
  115  9:58  Roach x4  
  122  10:04  Corruptor  
  122  10:05  Hatchery, Corruptor  
  123  10:10  Roach x4  
  131  10:19  Hive  
  131  10:20  Roach x5  
  141  10:25  Zerg Melee Weapons Level 2  
  141  10:31  Drone x4, Overlord  
  141  10:32  Overlord  
  145  10:36  Queen  
  145  10:39  Pneumatized Carapace  
  147  10:43  Roach x5  
  147  10:45  Ravager x3  
  147  10:46  Zergling x2  
  159  10:54  Infestor  
  159  10:55  Infestor  
  162  10:59  Zergling x10  
  161  11:04  Zergling x12  
  161  11:06  Overlord x2  
  161  11:10  Drone x2  
  168  11:16  Zerg Missile Weapons Level 2  
  168  11:22  Corruptor  
  168  11:23  Corruptor  
  168  11:25  Drone x4, Queen  
  176  11:28  Ravager x3  
  176  11:29  Ravager x5  
  176  11:31  Zergling x8  
  188  11:46  Zergling x4  
  190  11:48  Spine Crawler x2  
  190  11:49  Spine Crawler  
  190  11:51  Spine Crawler  
  186  11:55  Drone x4  
  184  12:03  Hatchery  
  184  12:04  Corruptor x2  
  184  12:05  Corruptor  
  184  12:08  Drone x3  
  186  12:11  Adrenal Glands  
  186  12:14  Extractor  
  186  12:16  Drone x3, Overlord  
  186  12:17  Extractor, Overlord x2  
  186  12:19  Zerg Flyer Weapons Level 1  
  186  12:21  Pathogen Glands  
  188  12:23  Baneling x5  
  188  12:24  Baneling  
  188  12:32  Evolution Chamber  
  188  12:33  Drone x2  
  188  12:39  Viper x3  
  193  12:45  Drone x6, Spine Crawler  
  199  12:53  Overlord  
  199  12:54  Zerg Melee Weapons Level 3  
  199  12:57  Baneling x7  
  199  13:01  Spine Crawler  
  199  13:02  Spine Crawler  
  195  13:10  Zergling x20  
  193  13:21  Corruptor  
  193  13:22  Corruptor x2  
  199  13:29  Ultralisk Cavern  
  188  13:42  Zergling x22  
  188  13:45  Hatchery  
  192  13:54  Zergling x16  
  200  13:56  Zerg Missile Weapons Level 3  
  200  14:02  Roach x5  
  194  14:05  Roach x6  
  198  14:12  Zergling x2  
  198  14:13  Baneling x15  
  198  14:14  Baneling x3  
  199  14:22  Chitinous Plating  
  199  14:24  Neural Parasite  
  199  14:30  Spore Crawler  
  198  14:36  Spine Crawler  
  198  14:37  Drone x4  
  192  15:03  Zergling x12  
  188  15:17  Drone  
  188  15:18  Drone x2  
  191  15:25  Ravager x9  
  200  15:34  Spine Crawler  
  200  15:35  Hatchery, Spine Crawler  
  193  15:36  Baneling x2  
  193  15:37  Baneling  
  193  15:39  Drone x3  
  193  15:40  Drone  
  193  15:41  Anabolic Synthesis  
  191  15:54  Zergling x4  
  191  15:55  Zergling x34  
  192  16:00  Roach  
  192  16:01  Roach x13  
  181  16:05  Roach x9, Zergling x14  
  181  16:07  Overseer  
  194  16:13  Spine Crawler  
  194  16:15  Viper x2  
  194  16:18  Baneling x10  
  199  16:24  Ravager  
  191  16:35  Ultralisk  
  185  16:40  Ultralisk  
  185  16:41  Zergling x8  
  195  16:49  Ravager x4  
  199  17:00  Overlord  
  198  17:03  Hatchery  
  192  17:20  Roach x7  
  172  17:28  Ultralisk x3, Zergling x2  
  172  17:37  Drone x4  
  172  17:38  Drone x2  
  178  17:52  Hatchery  
  177  17:58  Infestor x3  
  177  18:03  Ultralisk x2, Zergling x2  
  194  18:08  Zergling x10  
  184  18:27  Infestor x2  
  184  18:28  Infestor  
  184  18:29  Burrow  
  188  18:36  Zergling x22  
  199  18:45  Overseer x2  
  199  19:02  Drone x2  
  193  19:13  Zergling x2  
  193  19:14  Zergling x26  
  183  19:17  Ultralisk x2  
  194  19:26  Zergling x2  
  194  19:27  Zergling x8  
  193  19:38  Viper x2  
  190  19:41  Zergling x10  
  190  19:42  Overseer  
  190  19:47  Ultralisk x2  
  190  19:48  Zergling x8  
  199  19:53  Baneling x14  
  199  19:59  Overseer  
  191  20:08  Zergling x16  
  193  20:16  Zergling x2  
Tags
 
Add a new tag
Caveats
  • Supply blocks, unpowered buildings, or Contaminate may cause inaccurate times.
  • Supply counts are checked every 10 seconds.